 Dungeon Crawl Stone Soup version 0.22-a0-480-g991dd4b (webtiles) character file.

19487 Supahsalami the Cleaver (level 12, -2/106 HPs)
             Began as a Demonspawn Berserker on June 15, 2018.
             Was a High Priest of Trog.
             Slain by a merfolk
             ... wielding a +0 spear
              (13 damage)
             ... on level 1 of the Shoals.
             The game lasted 01:12:38 (16766 turns).

Supahsalami the Cleaver (Demonspawn Berserker)     Turns: 16766, Time: 01:12:39

Health: -2/106     AC:  8    Str: 27    XL:     12   Next: 37%
Magic:  0/12       EV: 18    Int: 20    God:    Trog [*****.]
Gold:   706        SH:  7    Dex: 18    Spells: 11/11 levels left

rFire    x x .     SeeInvis .   t - +5 hand axe "Zukh" {chop, rF- Str+3 Dex+6 Stlth+}
rCold    . . .     Gourm    .   Q - +0 buckler
rNeg     . . .     Faith    .   X - +1 leather armour of Ximorroi {rPois rF- Int+4}
rPois    +         Spirit   +   (helmet restricted)
rElec    .         Reflect  .   (no cloak)
rCorr    .         Harm     +   V - +2 pair of gloves
MR       .....                  (no boots)
Stlth    ++++++....             m - amulet of harm
HPRegen  0.27/turn              K - +5 ring of intelligence
MPRegen  0.13/turn              E - +3 ring of intelligence

@: hasted, very quick
A: antennae 1, repulsion field 2, nightstalker 3, robust 1, magic shield
a: Berserk, Trog's Hand, Brothers in Arms, Renounce Religion


You were on level 1 of the Shoals.
You worshipped Trog.
Trog was extremely pleased with you.
You were not hungry.

You visited 5 branches of the dungeon, and saw 18 of its levels.

You collected 893 gold pieces.
You spent 187 gold pieces at shops.

Inventory:

Hand Weapons
 g - a +7 hand axe of chopping
 t - the +5 hand axe "Zukh" (weapon) {chop, rF- Str+3 Dex+6 Stlth+}
   (You found it on level 6 of the Dungeon)

   It inflicts extra damage upon your enemies.
   It affects your strength (+3).
   It affects your dexterity (+6).
   It makes you vulnerable to fire.
   It makes you more stealthy.
 v - the +5 hand axe "Orezioli" {drain, Str+3}
   (You found it on level 4 of the Dungeon)

   A truly terrible weapon, it drains the life of those it strikes.
   It affects your strength (+3).
 D - a +2 mace of venom
 N - a +5 dire flail
 U - a +2 broad axe of distortion
Missiles
 f - 12 tomahawks
 y - a javelin of penetration (quivered)
 Z - 2 javelins
Armour
 a - a +3 large shield
 Q - a +0 buckler (worn)
 V - a +2 pair of gloves (worn)
 X - the +1 leather armour of Ximorroi (worn) {rPois rF- Int+4}
   (You found it on level 1 of the Lair of Beasts)

   It affects your intelligence (+4).
   It makes you vulnerable to fire.
   It protects you from poison.
Jewellery
 b - an uncursed ring of flight
 m - an amulet of harm (around neck)
 E - a +3 ring of intelligence (right hand)
 K - a +5 ring of intelligence (left hand)
Wands
 i - a wand of enslavement (11)
 o - a wand of random effects (14)
 w - a wand of acid (10)
 I - a wand of disintegration (8)
 M - a wand of scattershot (3)
 S - a wand of flame (20)
 T - a wand of iceblast (8)
Scrolls
 h - a scroll of vulnerability {unknown}
 j - a scroll of fear {unknown}
 k - 2 scrolls of fog
 l - 3 scrolls of remove curse
 n - 7 scrolls of teleportation
 u - a scroll of magic mapping {unknown}
 z - a scroll of enchant weapon {unknown}
 A - a scroll of amnesia {unknown}
 B - 2 scrolls of enchant armour
 F - a scroll of immolation
Potions
 d - 2 potions of invisibility
 e - a potion of cancellation {unknown}
 p - 6 potions of brilliance
 q - 3 potions of heal wounds
 r - a potion of might
 s - 3 potions of agility
 C - a potion of resistance
 G - 7 potions of curing
 H - 2 potions of magic
 O - a potion of haste
 P - 2 potions of flight
 R - a potion of berserk rage
 W - a potion of ambrosia
 Y - a potion of lignification {unknown}
Comestibles
 c - 22 rations


   Skills:
 - Level 10.0 Fighting
 * Level 10.4 Axes
 + Level 9.6 Armour
 - Level 5.0 Dodging
 - Level 2.1 Stealth
 + Level 8.3 Shields


You had 11 spell levels left.
You didn't know any spells.
Your spell library contained the following spells:

 Spells                   Type           Power        Failure   Level  Hunger
 Apportation              Tloc           #.....       22%         1    ##.....
 Lightning Bolt           Conj/Air       #.........   99%         5    ######.
 Summon Small Mammal      Summ           #...         22%         1    ##.....
 Animate Skeleton         Necr           N/A          22%         1    ##.....
 Shock                    Conj/Air       #...         22%         1    ##.....
 Swiftness                Chrm/Air       #.......     32%         2    ###....
 Airstrike                Air            #.........   91%         4    #####..
 Confusing Touch          Hex            #.....       22%         1    ##.....
 Static Discharge         Conj/Air       #.......     54%         3    ####...


Dungeon Overview and Level Annotations

Branches:
Dungeon (10/15)            Temple (1/1) D:6            Lair (4/6) D:9
 Shoals (2/4) Lair:3        Snake (1/4) Lair:2
    Orc: D:9-12

Altars:
Ashenzari
Cheibriados
Dithmenos
Elyvilon
Fedhas
Gozag
Hepliaklqana
Kikubaaqudgha
Makhleb
Nemelex Xobeh
Okawaru
Qazlal
Ru
Sif Muna
Trog
Uskayaw
Vehumet
Wu Jian
Xom
Yredelemnul
Zin
The Shining One

Shops:
D:5 [

Annotations:
D:6 Grinder
D:9 exclusion: hydra
Lair:1 exclusion: oklob plant


Innate Abilities, Weirdness & Mutations

You have a pair of small antennae on your head.
You are surrounded by a moderate repulsion field. (EV +3)
You are completely attuned to the shadows.
You are robust. (+10% HP)
When hurt, damage is shared between your health and your magic reserves.


Message History

* * * LOW HITPOINT WARNING * * *
x2
Items here: % ( )) ÷ 20 stones; a spear; a runed hunting sling; a chunk of flesh; a faun skeleton
Okay, then.
You feel much better.
The snapping turtle bites you from afar!
* * * LOW HITPOINT WARNING * * *
The merfolk impaler hits you from afar with a trident of freezing.
* * * LOW HITPOINT WARNING * * *
The merfolk impaler freezes you.
* * * LOW HITPOINT WARNING * * *
You block the merfolk's attack.
The merfolk hits you from afar with a trident of piercing!
* * * LOW HITPOINT WARNING * * *
x2 You feel yourself speed up.
The merfolk impaler completely misses you.
The snapping turtle completely misses you.
A water nymph comes into view.
The merfolk hits you from afar with a spear!
You die...

...##P...
...≈......
....≈≈P....
...≈≈≈...≈≈
.≈≈t≈(m≈..≈
.≈≈≈≈≈m)m≈≈
.≈≈.@.m≈≈≈≈
.###...≈≈≈≈
##>....≈≈
#<≈.≈≈≈≈
......≈≈≈≈
........≈≈
........≈≈
.≈≈≈≈≈≈..


You could see a merfolk impaler, a snapping turtle, 2 merfolk and a water nymph.

Vanquished Creatures
  A shock serpent (Snake:1)
  Pikel (D:4)
  A faun (Shoals:1)
  6 elephants (Lair:3)
  A black mamba (Lair:1)
  3 merfolk sirens (Lair:3)
  Joseph (Lair:1)
  5 spiny frogs
  A rime drake (Lair:1)
  A komodo dragon (Lair:1)
  A troll (D:9)
  A merfolk (Lair:3)
  A queen bee (Lair:3)
  4 blink frogs (Lair:2)
  2 hippogriffs
  A wraith (D:10)
  A human (D:8)
  13 yaks
  Eustachio (D:5)
  3 basilisks
  3 nagas (Lair:2)
  2 water moccasins
  5 porcupines
  Duvessa (D:5)
  4 sky beasts
  3 orc warriors
  An ice beast (D:5)
  A hornet zombie (D:9)
  3 black bears (D:9)
  A necrophage (D:6)
  A phantom (D:8)
  A slave (D:4)
  7 wolves
  7 centaurs
  2 crocodiles (D:9)
  A big kobold (D:8)
  13 bullfrogs
  A gnoll sergeant (D:9)
  Dowan (D:5)
  5 scorpions
  33 killer bees
  5 wights (D:9)
  5 howler monkeys
  2 crimson imps
  A bullfrog zombie (D:9)
  A jelly (D:8)
  7 orc wizards
  3 hounds
  A quasit (D:6)
  8 orc priests
  3 iguanas
  A worker ant (D:6)
  A hound skeleton (D:5)
  A howler monkey zombie (D:5)
  2 worker ant zombies
  A gnoll zombie (D:6)
  9 gnolls
  A howler monkey skeleton (D:5)
  An orc zombie (D:6)
  10 adders
  5 shadow imps
  An ooze (D:7)
  2 worms (D:3)
  3 dart slugs
  3 leopard geckos
  32 orcs
  8 bats
  6 giant cockroaches
  3 hobgoblins
  5 jackals
  2 quokkas (D:3)
  2 ball pythons
  4 frilled lizards
  4 goblins
  8 kobolds
  A quokka skeleton (D:8)
  6 rats
  4 plants (D:5)
307 creatures vanquished.

Vanquished Creatures (others)
  The ghost of aronpayne the Conjurer, an amateur OpCj (D:4)
  A howler monkey skeleton (D:4)
  A quokka (D:4)
  3 fungi
  8 plants (D:9)
14 creatures vanquished.

Grand Total: 321 creatures vanquished

Notes
Turn   | Place    | Note
-------+----------+-------------------------------------------
     0 | D:1      | Supahsalami the Demonspawn Berserker began the quest for the Orb.
     0 | D:1      | Reached XP level 1. HP: 18/18 MP: 1/1
   369 | D:1      | Gained mutation: You are surrounded by a mild repulsion field. (EV +2) [demonic ancestry]
   369 | D:1      | Reached XP level 2. HP: 24/24 MP: 2/2
   624 | D:1      | Reached ** piety under Trog
   624 | D:1      | Gained mutation: You are slightly more attuned to the shadows. [demonic ancestry]
   624 | D:1      | Reached XP level 3. HP: 29/29 MP: 3/3
   964 | D:3      | Found a shattered altar of Ashenzari.
  1450 | D:2      | Found a faded altar of an unknown god.
  1979 | D:3      | Reached XP level 4. HP: 36/36 MP: 4/4
  2185 | D:3      | Found a radiant altar of Vehumet.
  2456 | D:3      | Found a snail-covered altar of Cheibriados.
  2493 | D:3      | Gained mutation: You are significantly more attuned to the shadows. [demonic ancestry]
  2493 | D:3      | Reached XP level 5. HP: 41/42 MP: 5/5
  2754 | D:4      | Noticed a slave
  2754 | D:4      | Noticed a slave
  2754 | D:4      | Noticed a slave
  2757 | D:4      | Noticed Pikel
  2757 | D:4      | Noticed a slave
  2880 | D:4      | Got an ichor-stained hand axe
  2884 | D:5      | Entered Level 5 of the Dungeon
  2974 | D:4      | Killed a slave
  2995 | D:4      | HP: 2/42 [Pikel/whip of flaming (2)]
  3008 | D:4      | Killed Pikel
  3008 | D:4      | Reached skill level 5 in Axes
  3008 | D:4      | Reached skill level 1 in Stealth
  3008 | D:4      | Gained mutation: You have a pair of small antennae on your head. [demonic ancestry]
  3008 | D:4      | Reached XP level 6. HP: 16/49 MP: 6/6
  3008 | D:4      | Gained mutation: You are completely attuned to the shadows. [demonic ancestry]
  3008 | D:4      | Reached XP level 7. HP: 18/55 MP: 7/7
  3050 | D:4      | Killed aronpayne's ghost
  4622 | D:5      | Identified the +5 hand axe "Orezioli" {drain, Str+3} (You found it on level 4 of the Dungeon)
  4741 | D:5      | Found Meitho's Antique Armour Shop.
  4764 | D:5      | Gained mutation: When hurt, damage is shared between your health and your magic reserves. [demonic ancestry]
  4764 | D:5      | Reached XP level 8. HP: 61/61 MP: 8/8
  4794 | D:5      | Bought a shiny large shield for 187 gold pieces
  4876 | D:5      | Noticed Dowan
  4877 | D:5      | Noticed Duvessa
  4880 | D:5      | Killed Dowan
  4889 | D:5      | Killed Duvessa
  4889 | D:5      | Reached skill level 5 in Fighting
  5095 | D:5      | Reached skill level 1 in Shields
  5144 | D:5      | Noticed Eustachio
  5166 | D:5      | Killed Eustachio
  5166 | D:5      | Reached skill level 5 in Armour
  5749 | D:6      | Noticed Grinder
  5798 | D:6      | Got an ivory hand axe
  5811 | D:6      | Found a hide-covered altar of Uskayaw.
  5812 | D:6      | Noticed a hand axe
  5812 | D:6      | Noticed a hand axe
  5896 | D:6      | Found a transporter.
  5908 | D:6      | Found a staircase to the Ecumenical Temple.
  5914 | Temple   | Entered the Ecumenical Temple
  6200 | D:6      | Reached *** piety under Trog
  6293 | D:6      | Found a white marble altar of Elyvilon.
  6293 | D:6      | Found a sparkling altar of Nemelex Xobeh.
  6402 | D:6      | Reached XP level 9. HP: 69/69 MP: 9/9
  6601 | D:6      | Found a transporter.
  7698 | D:7      | Found a bloodstained altar of Trog.
  7810 | D:7      | Reached skill level 5 in Dodging
  7904 | D:7      | Found a snail-covered altar of Cheibriados.
  7992 | D:8      | Found a shimmering altar of Xom.
  8011 | D:8      | Reached **** piety under Trog
  8157 | D:10     | Entered Level 10 of the Dungeon
  8560 | D:8      | Found a glowing silver altar of Zin.
  8563 | D:8      | Found a shattered altar of Ashenzari.
  8566 | D:8      | Found a sacrificial altar of Ru.
  8733 | D:8      | Gained mutation: You are surrounded by a moderate repulsion field. (EV +3) [demonic ancestry]
  8733 | D:8      | Reached XP level 10. HP: 45/79 MP: 5/10
  9454 | D:8      | Found an iron altar of Okawaru.
  9825 | D:9      | Reached ***** piety under Trog
  9869 | D:9      | Received a gift from Trog
  9869 | D:9      | Reached skill level 5 in Shields
  9984 | D:9      | Noticed an eight-headed hydra
 10078 | D:9      | Found a staircase to the Lair.
 10108 | Lair:1   | Entered Level 1 of the Lair of Beasts
 11102 | Lair:1   | Noticed an oklob plant
 11169 | Lair:1   | Got a jacinth-encrusted leather armour
 11248 | Lair:1   | Gained mutation: You are robust. (+10% HP) [demonic ancestry]
 11248 | Lair:1   | Reached XP level 11. HP: 81/95 MP: 11/11
 11313 | Lair:1   | Identified the +1 leather armour of Ximorroi {rPois rF- Int+4} (You found it on level 1 of the Lair of Beasts)
 12289 | Lair:1   | Noticed Joseph
 12300 | Lair:1   | Killed Joseph
 12515 | Lair:1   | Identified the +5 hand axe "Zukh" {chop, rF- Str+3 Dex+6 Stlth+} (You found it on level 6 of the Dungeon)
 14336 | Lair:2   | Reached XP level 12. HP: 106/106 MP: 12/12
 14942 | Lair:2   | Found a staircase to the Snake Pit.
 15029 | Snake:1  | Entered Level 1 of the Snake Pit
 15060 | Snake:1  | Reached skill level 10 in Fighting
 15060 | Snake:1  | Reached skill level 10 in Axes
 16098 | Lair:3   | Received a gift from Trog
 16729 | Lair:3   | Found a staircase to the Shoals.
 16736 | Shoals:1 | Entered Level 1 of the Shoals
 16761 | Shoals:1 | Noticed a merfolk impaler
 16766 | Shoals:1 | Slain by a merfolk

Vault maps used:
D:1:      eino_arrival_water_star, minmay_misc_feat_ornament, skrybe_limestone_x
D:2:      chequers_ecumenical_altar_island
D:3:      lemuel_round_altar, lemuel_coloured_pillars_altar,
          cheibrodos_ashenzari_chains
D:4:      uniq_pikel
D:5:      serial_shops, nicolae_shop_overgrown_old_shop, first_ration,
          uniq_eustachio, uniq_duvessa
D:6:      gammafunk_cloud_chamber, dancing_weapons_uskayaw,
          grunt_temple_overflow_open, minmay_temple_entry_overgrown,
          kennysheep_nondescript, uniq_grinder
D:7:      kennysheep_little_box, basic_altar
D:8:      grunt_temple_overflow_diamond, kennysheep_okawaru_gauntlet,
          overflow_temple_1_default, serial_co_window_serial, co_window_cross_1,
          co_window_paths_a, co_window_paths_b, co_window_corner_a,
          co_window_of_opportunity_a, co_window_broadway_c,
          co_window_broadway_c, co_window_2corner, glass_columns_a,
          glass_columns_b, glass_columns_a, glass_columns_a, glass_columns_c,
          grunt_pizzeria
D:9:      minmay_lair_entry_grove, grunt_ministairs_7
D:10:     serial_shops, shop, minivault_26, uniq_josephine, uniq_psyche,
          uniq_gastronok
Temple:   minmay_temple_curvy_loop
Lair:1:   minmay_lair_oklob_chamber, lemuel_fruit_tree,
          infiniplex_staircase_pool_2, uniq_joseph
Lair:2:   minmay_snake_entry_guardpost_small
Lair:3:   elwin_shoals_entry_stream, special_room, serial_bayou_shore_b
Lair:4:   grunt_megastairs_4
Shoals:1: serial_shops, bzr_entry_gold
Shoals:2: uniq_polyphemus

Skill      XL: |  1  2  3  4  5  6  7  8  9 10 11 12 |
---------------+-------------------------------------+-----
Axes           | 3 4 5 6 7 8 9 10 | 10.4
Dodging        | 2 3 4 5 |  5.0
Armour         | 2 3 4 5 6 7 9 |  9.6
Fighting       | 4 5 7 8 9 10 | 10.0
Stealth        | 1 2 |  2.1
Shields        | 2 4 6 7 8 |  8.3

Action                   |  1- 3 |  4- 6 |  7- 9 | 10-12 || total
-------------------------+-------+-------+-------+-------++-------
Melee: Hand axe          |   124 |    81 |   391 |   534 ||  1130
Throw: Tomahawk          |     3 |       |     2 |     7 ||    12
       Javelin           |       |       |       |     8 ||     8
Invok: Berserk           |     1 |     1 |     4 |     4 ||    10
       Trog's Hand       |       |     2 |       |     1 ||     3
  Use: Potion            |       |     1 |     2 |     4 ||     7
       Scroll            |       |       |     8 |    15 ||    23
 Stab: Sleeping          |     2 |     1 |    10 |    11 ||    24
  Eat: Chunk             |     3 |     3 |    15 |    20 ||    41
       Ration            |       |     1 |     2 |     3 ||     6
Armor: Ring mail         |    48 |    14 |    31 |       ||    93
       Chain mail        |       |       |    75 |    50 ||   125
       Leather armour    |       |       |       |    27 ||    27
Dodge: Dodged            |    94 |    49 |   141 |   278 ||   562
Block: Large shield      |       |       |   217 |   199 ||   416
       Buckler           |       |       |       |   110 ||   110

Table legend:
 A = Spawn XP
 B = Non-spawn XP
 C = Spawn XP percentage of total XP
 D = Spawn monster count
 E = Non-spawn monster count
 F = Spawn count percentage of total count
 G = Total turns spent on level
                    A         B        C        D         E        F      G
               +---------+---------+-------+---------+---------+-------+---------
         Total |       0 |   27839 |   0.0 |       0 |     302 |   0.0 | 16766
               +---------+---------+-------+---------+---------+-------+---------
           D:1 |       0 |      39 |   0.0 |       0 |      24 |   0.0 |   741
           D:2 |       0 |      43 |   0.0 |       0 |      12 |   0.0 |  1105
           D:3 |       0 |     126 |   0.0 |       0 |      15 |   0.0 |   803
           D:4 |       0 |     873 |   0.0 |       0 |      13 |   0.0 |  1868
           D:5 |       0 |    1125 |   0.0 |       0 |      23 |   0.0 |  1190
           D:6 |       0 |    1164 |   0.0 |       0 |      22 |   0.0 |  1417
           D:7 |       0 |     872 |   0.0 |       0 |      23 |   0.0 |   563
           D:8 |       0 |    1559 |   0.0 |       0 |      39 |   0.0 |  1352
           D:9 |       0 |    4209 |   0.0 |       0 |      49 |   0.0 |  1665
          D:10 |       0 |     220 |   0.0 |       0 |       1 |   0.0 |    31
        Lair:1 |       0 |    4075 |   0.0 |       0 |      17 |   0.0 |  2380
        Lair:2 |       0 |    2895 |   0.0 |       0 |      14 |   0.0 |  1684
        Lair:3 |       0 |    9262 |   0.0 |       0 |      48 |   0.0 |  1635
      Shoals:1 |       0 |     532 |   0.0 |       0 |       1 |   0.0 |    25
       Snake:1 |       0 |     845 |   0.0 |       0 |       1 |   0.0 |    41
               +---------+---------+-------+---------+---------+-------+---------
